 Dungeon Crawl Stone Soup version 0.27-a0-1256-gced786f65e (webtiles) character file.

Game seed: 8947131793127390514

153 bande the Covered (level 5, 0/33 HPs)
             Began as a Gargoyle Fighter on June 10, 2021.
             Slain by an ogre
             ... wielding a +0 giant club
              (7 damage)
             ... on level 4 of the Dungeon.
             The game lasted 00:04:36 (2571 turns).

bande the Covered (Gargoyle Fighter)                Turns: 2571, Time: 00:04:38

Health: 0/33       AC: 14    Str: 24    XL:     5   Next: 35%
Magic:  5/5        EV:  6    Int: 13    God:
Gold:   116        SH:  9    Dex: 10    Spells: 4/4 levels left

rFire    + . .     SeeInvis .   a - +1 war axe
rCold    . . .     Faith    .   c - +0 kite shield
rNeg     + . .     Spirit   .   f - +0 chain mail
rPois    ∞         Reflect  .   h - +0 helmet
rElec    +         Harm     .   (no cloak)
rCorr    .         Rampage  .   (no gloves)
Will     .....                  (no boots)
Stlth    ..........             (no amulet)
HPRegen  0.11/turn              e - ring of the Queen {rF+ Str+4 Int+5}
MPRegen  0.09/turn              (no ring)

@: no status effects
A: sickness immunity, AC +4, negative energy resistance 1, electricity
resistance, torment resistance 1, petrification resistance
a: no special abilities


You were on level 4 of the Dungeon.
You visited 1 branch of the dungeon, and saw 4 of its levels.

You collected 116 gold pieces.

Inventory:

Hand Weapons
 a - a +1 war axe (weapon)
Armour
 c - a +0 kite shield (worn)
 f - a +0 chain mail (worn)
 h - a +0 helmet (worn)
Jewellery
 e - the ring of the Queen (left hand) {rF+ Str+4 Int+5}
   (You acquired it on level 2 of the Dungeon)

   [ring of protection from fire]

   It affects your strength (+4).
   It affects your intelligence (+5).
   It protects you from fire.
Scrolls
 b - a scroll of identify
 g - a scroll of enchant armour
 i - a scroll of teleportation
Potions
 d - a potion of might


   Skills:
 + Level 3.6 Fighting
 + Level 3.7 Axes
 + Level 4.0 Armour
 + Level 0.2 Dodging
 + Level 4.0 Shields


You had 4 spell levels left.
You didn't know any spells.
Your spell library contained the following spells:

 Spells                   Type           Power      Damage    Failure   Level
 Summon Small Mammal      Summ           0%         N/A       100%        1
 Call Imp                 Summ           0%         N/A       100%        2
 Call Canine Familiar     Summ           0%         N/A       100%        3
 Summon Guardian Golem    Hex/Summ       0%         N/A       100%        3
 Summon Ice Beast         Ice/Summ       0%         N/A       100%        4
 Summon Lightning Spire   Summ/Air       0%         N/A       100%        4


Dungeon Overview and Level Annotations

Branches:
Dungeon (4/15)
 Temple: D:4-7

Altars:


Innate Abilities, Weirdness & Mutations

You are immune to sickness and miasma.
Your stone body is resilient. (AC +4)
You are immune to poison.
You resist negative energy. (rN+)
You are resistant to electric shocks. (rElec)
You are resistant to unholy torment.
You are immune to petrification.


Message History

You closely miss the orc. The orc hits you but does no damage.
The orc barely misses you.
You hit the orc.
The orc is almost dead.
The orc hits you but does no damage.
You closely miss the orc.
The orc is almost dead.
The orc hits you with a +0 dagger. The orc hits you but does no damage.
You hit the orc.
You kill the orc!
No target in view!
No target in view!
No target in view!
No target in view!
No target in view!
No target in view!
HP restored.
Items here: )) [ †.
Things that are here:
a +0 dagger; a +0 ring mail; an orc corpse
Items here: )) [ †.
Items here: )) [ †.
You see here a +0 mace of holy wrath.
There is a stone staircase leading up here.
An adder and an ogre come into view.
The adder hisses angrily.
The ogre shouts!
The ogre hits you with a +0 giant club!
You barely miss the ogre. You closely miss the adder.
The adder bites you but does no damage. The ogre hits you with a +0 giant club.
You block the adder's attack.
Your shield and chain mail prevent you from hitting the ogre.
You closely miss the adder. You block the adder's attack.
You block the ogre's attack. You block the adder's attack.
You slash the ogre!
The ogre is heavily wounded.
You miss the adder. You block the adder's attack.
The ogre hits you with a +0 giant club!
* * * LOW HITPOINT WARNING * * *
You block the adder's attack. The ogre hits you with a +0 giant club!
You die...

#).##
#..)##
###..##
###.##
##<# #.#
### #.#
.....###.#
#...O@.#
###.S..#
#....#
#..###.
#..# #.
...# .#
.... # ...


You could see an ogre and an adder.

Vanquished Creatures
  A water moccasin skeleton (D:3)
  An adder (D:2)
  4 worms
  4 dart slugs
  8 orcs
  5 endoplasms
  3 giant cockroaches
  5 hobgoblins
  8 jackals
  6 kobolds
  6 ball pythons
  7 bats
  2 frilled lizards (D:1)
  6 goblins
  4 rats
70 creatures vanquished.

Notes
Turn   | Place    | Note
-------+----------+-------------------------------------------
     0 | D:1      | bande the Gargoyle Fighter began the quest for the Orb.
     0 | D:1      | Reached XP level 1. HP: 14/14 MP: 1/1
   295 | D:1      | Reached XP level 2. HP: 19/19 MP: 2/2
   516 | D:1      | Reached XP level 3. HP: 23/23 MP: 3/3
   541 | D:1      | Found a faded altar of an unknown god.
  1104 | D:2      | Reached XP level 4. HP: 23/28 MP: 4/4
  1169 | D:2      | Identified a scroll of acquirement
  1169 | D:2      | Acquired the ring of the Queen {rF+ Str+4 Int+5}
  1632 | D:3      | Reached XP level 5. HP: 25/32 MP: 5/5
  2567 | D:4      | Noticed an ogre
  2571 | D:4      | Slain by an ogre

Illustrated notes

Levels and vault maps discovered:
D:1:      nzn_arrival_crosshair, layout_basic,
          ebering_ecumenical_altar_sacrificial
D:2:      layout_basic, minmay_diced_spiral
D:3:      layout_loops_ring, guppyfry_early_orc_mine
D:4:      layout_layer_cave, patterned_corridor, uniq_pikel

Skill      XL: |  1  2  3  4  5 |
---------------+----------------+-----
Axes           | 2 3 |  3.7
Armour         | 4 |  4.0
Shields        | 4 |  4.0
Fighting       | |  3.6
Dodging        | |  0.2

Action                   |  1- 3 |  4- 6 || total
-------------------------+-------+-------++-------
Melee: War axe           |   105 |    75 ||   180
  Use: Scroll            |       |     8 ||     8
       Potion            |       |     6 ||     6
Armor: Scale mail        |    67 |    14 ||    81
       Chain mail        |       |    24 ||    24
Dodge: Dodged            |    55 |    18 ||    73
Block: Kite shield       |    60 |    50 ||   110

Table legend: (Time is in decaauts)
 A = Elapsed time spent in this place.
 B = Non-inter-level travel time spent in this place.
 C = Inter-level travel time spent in this place.
 D = Time resting spent in this place.
 E = Time spent auto-exploring this place.
 F = Levels seen in this place.
 G = Mean time per level.
                   A        B        C        D        E       F      G
               +--------+--------+--------+--------+--------+-----+--------+
         Total |   2675 |   2669 |      6 |    230 |   1817 |   4 |  668.8 |
       Dungeon |   2675 |   2669 |      6 |    230 |   1817 |   4 |  668.8 |
               +--------+--------+--------+--------+--------+-----+--------+

Top non-repeatable levels by time:
     D:1: 981 daAuts
     D:3: 913 daAuts
     D:2: 684 daAuts
     D:4: 95 daAuts
